 Dungeon Crawl Stone Soup version 0.30.0-3-ga4e48a9924 (webtiles) character file.

Game seed: 8204844366127393358

441 Daunt the Gusty (level 7, -1/45 HPs)
             Began as a Kobold Air Elementalist on May 8, 2023.
             Slain by Duvessa
             ... wielding a +0 rapier
              (6 damage)
             ... on level 4 of the Dungeon.
             The game lasted 00:22:44 (5372 turns).

Daunt the Gusty (Kobold Air Elementalist)           Turns: 5372, Time: 00:22:45

Health: -1/45      AC:  5    Str:  7    XL:     7   Next: 22%
Magic:  7/18       EV: 15    Int: 15    God:
Gold:   192        SH:  0    Dex: 13    Spells: 4/10 levels left

rFire   x . .        n - +2 morningstar (drain)
rCold   . . .        (no shield)
rNeg    . . .        a - +0 robe
rPois   .            (no helmet)
rElec   .            (no cloak)
rCorr   .            (no gloves)
SInv    .            (no boots)
Will    .....        b - amulet of the acrobat
Stlth   +++          s - +4 ring of protection
HPRegen 0.27/turn    p - ring of magical power
MPRegen 0.16/turn

%: random rage (3%), acrobat
@: very slightly contaminated, unable to read
A: small, no large weapons, nightstalker 3, berserk 1, clumsy 1, deformed body,
deterioration 1, dopey 1, low MP 1, robust 1, heat vulnerability 1, inability to
read after injury 2
a: no special abilities


You were on level 4 of the Dungeon.
You visited 1 branch of the dungeon, and saw 4 of its levels.

You collected 192 gold pieces.

Inventory:

Hand Weapons
 c - a +0 club
 d - a +0 dagger
 n - a +2 morningstar of draining (weapon)
 o - a +0 sling
Missiles
 e - 30 stones
Armour
 a - a +0 robe (worn)
Jewellery
 b - an amulet of the acrobat (around neck)
 f - a ring of positive energy
 l - a +6 ring of dexterity
 p - a ring of magical power (right hand)
 s - a +4 ring of protection (left hand)
 t - a ring of flight
Wands
 m - a wand of polymorph (4)
Scrolls
 g - 3 scrolls of teleportation
 h - 2 scrolls of vulnerability
 i - 2 scrolls of identify
 j - a scroll of brand weapon
 u - a scroll of blinking {unknown}
Potions
 k - a potion of flight
 q - 2 potions of brilliance
 r - 2 potions of magic
 v - a potion of might {unknown}


   Skills:
 - Level 3.0 Fighting
 - Level 3.0 Dodging
 - Level 4.0 Stealth
 - Level 2.1 Spellcasting
 - Level 4.0 Conjurations
 + Level 5.1 Air Magic


You had 4 spell levels left.
You knew the following spells:

 Your Spells              Type           Power      Damage    Failure   Level
a - Shock                 Conj/Air       60%        1d6       3%          1
b - Static Discharge      Conj/Air       30%        2-4/arc   4%          2
w - Swiftness             Air            17%        N/A       8%          3

Your spell library contained the following spells:

 Spells                   Type           Power      Damage    Failure   Level
 Airstrike                Air            8%         2d(2-18)  26%         4
 Ignite Poison            Fire/Tmut/Pois 1%         N/A       54%         3
 Ozocubu's Armour         Ice            1%         N/A       54%         3
 Sticky Flame             Conj/Fire      7%         2d3       67%         4
 Metabolic Englaciation   Hex/Ice        0%         N/A       99%         5
 Simulacrum               Ice/Necr       0%         N/A       100%        6
 Ignition                 Fire           0%         3d3       100%        8


Dungeon Overview and Level Annotations

Branches:
Dungeon (4/15)
 Temple: D:4-7

Altars:
Dithmenos
Makhleb
Xom

Shops:
D:1 =

Annotations:
D:4 Dowan, Duvessa


Innate Abilities, Weirdness & Mutations

You are small and have problems with some larger weapons.
You are completely attuned to the shadows.
You sometimes lose your temper in combat.
You are clumsy. (Dex -2)
Armour fits poorly on your strangely shaped body.
Your body sometimes deteriorates upon taking damage.
You are dopey. (Int -2)
Your magical capacity is low. (-10% MP)
You are robust. (+10% HP)
You are vulnerable to heat. (rF-)
You sometimes lose the ability to read scrolls when taking damage.


Message History

Duvessa hits you with a +0 rapier!
You feel threatened and lose the ability to read scrolls!
Unknown command.
Unknown command.
Okay, then.
Unknown command.
Okay, then.
Unknown command.
Casting: Static Discharge (safe; 4% risk of failure)
Confirm with . or Enter, or press ? or * to list all spells.
You miscast Static Discharge.
Nothing appears to happen.
Duvessa closely misses you.
Unknown command.
Unknown command.
Unknown command.
Casting: Static Discharge (safe; 4% risk of failure)
Confirm with . or Enter, or press ? or * to list all spells.
Duvessa is struck by an arc of lightning.
Duvessa is heavily wounded.
You are struck by an arc of lightning.
* * * LOW HITPOINT WARNING * * *
Duvessa is struck by an arc of lightning.
Duvessa is severely wounded.
You are struck by an arc of lightning.
* * * LOW HITPOINT WARNING * * *
The lightning grounds out.
Duvessa says, "When magic and the sword combine, nothing stands against them."
Duvessa hits you with a +0 rapier.
* * * LOW HITPOINT WARNING * * *
Unknown command.
Unknown command.
Unknown command.
Okay, then.
Unknown command.
Unknown command.
You hit Duvessa. You drain Duvessa.
Duvessa is almost dead.
Duvessa completely misses you. Duvessa hits you with a +0 rapier.
You die... "Huh?
Did I miss anything?"

#.# #.#
#.# #.#
#.# #.#
#.# #.# .#
#.# #. #.#
#. #.###.
##.##.....
#..e......
#.#@######
#...#
#.#.#
#####


You could see Duvessa (drained).

Vanquished Creatures
  A phantom (D:4)
  A scorpion (D:4)
  An orc priest (D:4)
  An iguana (D:4)
  An orc wizard (D:4)
  Terence (D:2)
  Robin (D:2)
  7 gnolls
  3 adders
  6 dart slugs
  2 orcs (D:4)
  4 endoplasms
  2 giant cockroaches
  11 goblins
  10 hobgoblins
  11 jackals
  8 kobolds
  A quokka (D:3)
  6 ball pythons
  2 bats (D:1)
  5 frilled lizards
  4 rats
89 creatures vanquished.

Notes
Turn   | Place    | Note
-------+----------+-------------------------------------------
     0 | D:1      | Daunt the Kobold Air Elementalist began the quest for the
                  | Orb.
     0 | D:1      | Reached XP level 1. HP: 10/10 MP: 3/3
   151 | D:1      | Reached XP level 2. HP: 15/15 MP: 0/5
   768 | D:1      | Found a faded altar of an unknown god.
   771 | D:1      | Prayed at the altar of an unknown god.
   771 | D:1      | Became a worshipper of Xom of Chaos
   824 | D:1      | XOM: silly message
   892 | D:1      | Reached XP level 3. HP: 15/19 MP: 1/6
   953 | D:1      | Fell from the grace of Xom
  1147 | D:1      | Found Kiuxzuw's Jewellery Shop.
  1509 | D:2      | XOM: noise
  1803 | D:2      | Noticed Robin
  1813 | D:2      | Killed Robin
  1814 | D:2      | Reached skill level 1 in Fighting
  1814 | D:2      | Reached XP level 4. HP: 14/25 MP: 5/7
  1822 | D:2      | HP: 1/25 [hobgoblin/+0 club[Robin] (8)]
  2011 | D:2      | Learned a level 2 spell: Static Discharge
  2015 | D:2      | XOM: 3-stop teleportation journey
  2512 | D:2      | XOM: give mutation
  2512 | D:2      | Gained mutation: You occasionally lose the ability to read
                  | scrolls when taking damage. [Xom's mischief]
  2688 | D:2      | Reached XP level 5. HP: 23/29 MP: 1/8
  3038 | D:2      | Noticed Terence
  3062 | D:2      | Killed Terence
  3384 | D:2      | XOM: give mutations
  3384 | D:2      | Gained mutation: Your flesh is heat resistant. (rF+) [Xom's
                  | mischief]
  3384 | D:2      | Gained mutation: You sometimes lose the ability to read
                  | scrolls when taking damage. [Xom's mischief]
  3384 | D:2      | Gained mutation: Armour fits poorly on your strangely
                  | shaped body. [Xom's mischief]
  3598 | D:3      | Learned a level 3 spell: Swiftness
  3722 | D:3      | XOM: scenery: summon butterflies
  3889 | D:3      | XOM: give mutation
  3889 | D:3      | Lost mutation: Your flesh is heat resistant. (rF+) [Xom's
                  | mischief]
  3889 | D:3      | Gained mutation: You are vulnerable to heat. (rF-) [Xom's
                  | mischief]
  3942 | D:3      | XOM: give mutations
  3942 | D:3      | Lost mutation: You sometimes lose the ability to read
                  | scrolls when taking damage. [Xom's mischief]
  3942 | D:3      | Gained mutation: Your body sometimes deteriorates upon
                  | taking damage. [Xom's mischief]
  3942 | D:3      | Gained mutation: Your magical capacity is low. (-10% MP)
                  | [Xom's mischief]
  3979 | D:3      | XOM: give mutations
  3979 | D:3      | Gained mutation: You have hidden genetic defects. [Xom's
                  | mischief]
  3979 | D:3      | Gained mutation: You are clumsy. (Dex -2) [Xom's mischief]
  4014 | D:3      | XOM: noise
  4139 | D:3      | XOM: draining
  4295 | D:3      | Found a burning altar of Makhleb.
  4313 | D:3      | Found a shadowy altar of Dithmenos.
  4370 | D:3      | Gained mutation: You sometimes lose the ability to read
                  | scrolls when taking damage. [hidden defects]
  4467 | D:3      | Reached XP level 6. HP: 30/31 MP: 8/8
  4504 | D:3      | Gained mutation: You are dopey. (Int -2) [hidden defects]
  4504 | D:3      | Lost mutation: You have hidden genetic defects. [hidden
                  | defects expressed]
  4577 | D:4      | XOM: give mutations
  4577 | D:4      | Gained mutation: You are robust. (+10% HP) [Xom's mischief]
  4577 | D:4      | Gained mutation: You sometimes lose your temper in combat.
                  | [Xom's mischief]
  4578 | D:4      | Reached skill level 4 in Air Magic
  4664 | D:4      | XOM: noise
  4719 | D:4      | Noticed Duvessa
  4799 | D:4      | Reached XP level 7. HP: 28/45 MP: 8/9
  4957 | D:4      | Noticed Dowan
  5068 | D:4      | Reached skill level 5 in Air Magic
  5372 | D:4      | Slain by Duvessa

Illustrated notes

Levels and vault maps discovered:
D:1:      wander_arrival_fairy_ring, layout_loops_corners, serial_shops, shop,
          hellmonk_ecumenical_altar_inner_sanctum
D:2:      layout_basic, uniq_terence, uniq_robin
D:3:      layout_loops_ring, mainiacjoe_overflow_large_starburst
D:4:      layout_basic, minmay_temple_entry_wispy, uniq_duvessa

Skill      XL: |  1  2  3  4  5  6  7 |
---------------+----------------------+-----
Conjurations   | 2 3 4 |  4.0
Stealth        | 3 4 |  4.0
Fighting       | 1 2 3 |  3.0
Dodging        | 3 |  3.0
Air Magic      | 4 5 |  5.1
Spellcasting   | |  2.1

Action                     |  1- 3 |  4- 6 |  7- 9 || total
---------------------------+-------+-------+-------++-------
  Melee: Club              |     7 |       |       ||     7
         Dagger            |    22 |    42 |       ||    64
         Morningstar       |       |    20 |     6 ||    26
   Cast: Shock             |    73 |    93 |     6 ||   172
         Static Discharge  |       |    17 |    10 ||    27
 Invoke: Renounce Religion |     1 |       |       ||     1
    Use: Potion            |     1 |     3 |       ||     4
         Scroll            |       |     7 |       ||     7
   Stab: Sleeping          |       |     1 |     1 ||     2
 Armour: Robe              |     8 |    12 |       ||    20
  Dodge: Dodged            |    42 |    67 |     8 ||   117
